AoeStats
← sarko

Arabia

508529368Analyzed
1v1 RM · 11d ago on Sep 22, 2026· 28m 44s· 2 players
Game mode
Random Map
Map size
Tiny (2 player)
Population
200
Speed
Normal
Resources
Standard
Victory
Conquest
Starting age
Dark Age
Ending age
Imperial Age
RankedLock teamsTeams togetherTeam positionsShared explorationLock speedFull tech treeHidden civsTurbo modeCheats
Victory
Defeat
🇦🇷 Lithuanians · Argentina
1619
+20
🇲🇽 Vikings · Mexico
1706
-20
Chechito
6:37 Loom
9:10 Feudal Age
9:30 Man-at-Arms
16:16 Double-Bit Axe
22:00 Castle Age
20:00 Fletching
21:25 Padded Archer Armor
22:02 Crossbowman
22:38 Bodkin Arrow
sarko
6:07 Loom
8:49 Feudal Age
9:19 Double-Bit Axe
10:18 Horse Collar
20:49 Castle Age
19:07 Gold Mining
19:24 Fletching
20:38 Padded Archer Armor
21:25 Bodkin Arrow
20:51 Crossbowman
20:54 Elite Skirmisher
21:44 Bow Saw
22:23 Leather Archer Armor
22:34 Town Watch
24:49 Heavy Plow
25:39 Scale Barding Armor
25:54 Fervor
26:25 Wheelbarrow
28:28 Stone Mining
Connection lost

Rejoining the realm…

Still unreachable

The connection could not be restored.

Session expired

The server has moved on; the page needs a fresh start.